General information
			
			
        
        - name: BNet
 
        - type: Ladder 1vs1/FFA
 
        - host: Battle.net
 
        - saver: DirtMcGirt
 
        
map: MeltingValley 
        - players: 2
 
        - length: 14:12
 
        - speed: Fast
 - version: 1.22 W3XP
 - replay type:  Public
 
» download(47 KB)
Players
        team 1 (loser) 
              
              
7up.ccu (
green | 82 APM | 1163 actions | 14:11)
              
 3 Demon Hunter 
 1 Evasion
 2 Mana Burn
 1 Naga Sea Witch 
 1 Frost Arrows
 
                » actions 
                
                | Assign group hotkey | 102 |  | 
| Basic commands | 1 |  | 
| Build / train | 47 |  | 
| Enter build submenu | 14 |  | 
| Enter hero's abilities submenu | 4 |  | 
| Right click | 620 |  | 
| Select / deselect | 222 |  | 
| Select group hotkey | 120 |  | 
| Use ability | 33 |  | 
                1163 total
 » units 
                » buildings
                
                | Altar of Elders | 1 |  | 
| Ancient of War | 1 |  | 
| Moon Well | 3 |  | 
| Hunter's Hall | 1 |  | 
| Ancient of Wonders | 2 |  | 
| Ancient Protector | 1 |  | 
| Tree of Ages | 1 |  | 
                10 total
 » build order
                00:12 Altar of Elders
00:22 Ancient of War
00:30 Moon Well
01:52 Moon Well
03:49 Hunter's Hall
05:17 Ancient of Wonders
05:59 Ancient of Wonders
06:21 Ancient Protector
06:30 Tree of Ages
06:43 Moon Well
» items
                 
               team 2 (winner) 
              
              
» 
DirtMcGirt (
purple | 90 APM | 1273 actions | 14:12)
              
 4 Blademaster 
 2 Wind Walk
 2 Critical Strike
 2 Pit Lord 
 1 Howl of Terror
 1 Cleaving Attack
 
                » actions 
                
                | Assign group hotkey | 10 |  | 
| Build / train | 49 |  | 
| Enter build submenu | 10 |  | 
| Enter hero's abilities submenu | 6 |  | 
| Give item / drop item | 3 |  | 
| Remove unit from queue | 3 |  | 
| Right click | 700 |  | 
| Select / deselect | 359 |  | 
| Select group hotkey | 66 |  | 
| Use ability | 67 |  | 
                1273 total
 » units 
                
                | Peon | 6 |  | 
| Grunt | 4 |  | 
| Raider | 7 |  | 
| Demolisher | 2 |  | 
| Spirit Walker | 2 |  | 
                21 total
 » upgrades
                
                | Berserker Strength | 1 |  | 
| Pillage | 1 |  | 
| Shaman Training | 0 |  | 
| Spirit Walker Training | 0 |  | 
| Ensnare | 1 |  | 
                3 total
 » buildings
                
                | Altar of Storms | 1 |  | 
| Orc Burrow | 4 |  | 
| Barracks | 1 |  | 
| Voodoo Lounge | 1 |  | 
| Stronghold | 2 |  | 
| War Mill | 1 |  | 
| Beastiary | 1 |  | 
| Spirit Lodge | 1 |  | 
                12 total
 » build order
                00:07 Altar of Storms
00:20 Orc Burrow
00:29 Barracks
01:44 Orc Burrow
02:00 Voodoo Lounge
03:44 Stronghold
04:49 Orc Burrow
06:16 War Mill
06:42 Orc Burrow
07:01 Beastiary
07:06 Spirit Lodge
» items
                
                | Healing Salve | 3 |  | 
| Lesser Clarity Potion | 3 |  | 
| Potion of Healing | 2 |  | 
| Potion of Mana | 2 |  | 
| Scroll of Town Portal | 1 |  | 
                11 total
  
                Chat log
          (00:37 / All) DirtMcGirt: good luck
(00:47 / All) 7up.ccu: fuck
(01:01 / All) DirtMcGirt: wut?
(01:06 / All) 7up.ccu: callate aweonao
(05:53 / All) 7up.ccu: HACK
(05:54 / All) 7up.ccu: FUCK
(05:58 / All) DirtMcGirt: wut?
(06:02 / All) 7up.ccu: TYEA
(14:05 / All) 7up.ccu: JAJA
(14:07 / All) DirtMcGirt: gg